[Event "Lliga Catalana 2024"]
[Site "Catalonia"]
[Date "2024.03.02"]
[Round "7.7"]
[White "Roca Planas, Edgar"]
[Black "Cano Sevilla, Ivan"]
[Result "1-0"]
[ECO "B27"]
[WhiteElo "2269"]
[BlackElo "2094"]
[Annotator "TA"]
[PlyCount "51"]
[EventDate "2024.01.18"]
[EventType "team-tourn"]
[EventCountry "ESP"]
[SourceTitle "playchess.com"]
[Source "ChessBase"]
[SourceQuality "1"]
[TimeControl "5400+30"]

1. e4 c5 2. Nf3 g6 3. c3 d5 4. e5 Nc6 5. d4 Bg7 6. Bb5 Qb6 7. Bxc6+ bxc6 8. O-O {[%emt 0:05:54] White is slightly better.} cxd4 9. cxd4 Bg4 10. Nbd2 c5 ({Black should play} 10... e6 $14) 11. dxc5 Qxc5 {[%emt 0:00:37] [#]} 12. h3 $1 Bd7 13. Nb3 Qc4 (13... Qc8 14. Bf4 (14. Qxd5 Bc6 $18) 14... e6) 14. Be3 $18 Bb5 15. Nbd2 (15. Re1 $18 {is more deadly.}) 15... Qd3 (15... Qa4 $16 {keeps fighting.} 16. Qxa4 Bxa4) 16. a4 Bd7 17. Ra3 Qa6 18. Nb3 Rc8 $2 (18... Nh6 19. Nc5 (19. Qxd5 Bc6 $18) 19... Qc8) 19. Nc5 ({Less strong is} 19. Qxd5 Bc6 20. Qa5 Qxa5 21. Nxa5 Bxf3 $18) 19... Qa5 {[%emt 0:04:03] Black is weak on the dark squares} (19... Qc6 20. b4 e6) 20. Nxd7 {[%emt 0:01:19] White is clearly winning.} Kxd7 {[%emt 0:00:04] [#]} 21. b4 $1 Qxb4 (21... Qd8 22. Qxd5+) 22. Qxd5+ Ke8 {[%emt 0:00:05] [#]} 23. Rd1 $1 {[%emt 0:00:45] Qd7+ would kill now.} Qb8 (23... Bh6 24. Qd7+) 24. Rb3 (24. Ng5 $142 Nh6 25. Rb3 (25. Qd7+ Kf8 $18)) 24... Qa8 25. Qd7+ Kf8 26. Rb7 {[%emt 0:00:05] White took control after the opening.   Weighted Error Value: White=0.45/Black=0.74.  Missed win:     	White=1     	---        Mistake:       	---       	Black=5      Inaccurate:     	---       	Black=1      OK:         	White=8     	Black=4      Best:        	White=1     	---        Strong:       	White=1     	---} 1-0

[Event "Lliga Catalana 2024"]
[Site "Catalonia"]
[Date "2024.03.02"]
[Round "7.7"]
[White "Banos, Oscar"]
[Black "Canal Oliveras, Joan"]
[Result "1-0"]
[ECO "A10"]
[WhiteElo "2199"]
[BlackElo "2092"]
[Annotator "RC"]
[PlyCount "85"]
[EventDate "2024.01.18"]
[EventType "team-tourn"]
[EventCountry "ESP"]
[SourceTitle "playchess.com"]
[Source "ChessBase"]
[SourceQuality "1"]
[TimeControl "5400+30"]

1. Nf3 e6 2. c4 f5 3. g3 Nf6 4. Bg2 Be7 5. O-O O-O 6. d3 d6 7. Nc3 Qe8 8. Bg5 h6 9. Bd2 Qh5 10. e3 g5 11. Ne1 Qxd1 12. Rxd1 Nc6 13. f4 Bd7 14. Nc2 Rae8 15. b4 Kh7 16. b5 Nd8 17. a4 e5 18. a5 Bc8 19. a6 b6 20. Nb4 Bd7 21. Nbd5 Nxd5 22. Nxd5 Ne6 23. fxe5 dxe5 24. Nxe7 Rxe7 25. Bb4 Ree8 26. Bxf8 Rxf8 27. d4 exd4 28. exd4 Kg6 29. Bd5 f4 30. Bxe6 Bxe6 31. d5 Bh3 32. Rf2 Rf6 33. Re1 Rf7 34. gxf4 gxf4 35. Rd2 Kf5 36. Kf2 h5 37. Rde2 Rg7 38. Rg1 Rd7 39. Re6 Bg4 40. h4 Rg7 41. Rge1 Bh3 42. R1e5+ Kg4 43. Rg5+ 1-0

[Event "Lliga Catalana 2024"]
[Site "Catalonia"]
[Date "2024.03.02"]
[Round "7.8"]
[White "Serra Canals, Oriol"]
[Black "Travesset Sagre, Jan"]
[Result "0-1"]
[ECO "D14"]
[WhiteElo "2158"]
[BlackElo "2209"]
[Annotator "RC"]
[PlyCount "78"]
[EventDate "2024.01.18"]
[EventType "team-tourn"]
[EventCountry "ESP"]
[SourceTitle "playchess.com"]
[Source "ChessBase"]
[SourceQuality "1"]
[TimeControl "5400+30"]

1. d4 d5 2. c4 c6 3. Nf3 Nf6 4. cxd5 cxd5 5. Nc3 Nc6 6. Bf4 Bf5 7. Qb3 Na5 8. Qa4+ Bd7 9. Qc2 Rc8 10. e3 b5 11. a3 e6 12. Bd3 Nc4 13. O-O Be7 14. h3 O-O 15. Ne5 a6 16. Rfd1 Bc6 17. Qe2 Qb6 18. Rac1 Rfd8 19. Bb1 Nxe5 20. Bxe5 Nd7 21. Bh2 Nf8 22. Bd3 Be8 23. Na2 a5 24. b4 axb4 25. Nxb4 Qa5 26. Qb2 Qa4 27. Ra1 Nd7 28. Rdc1 Nb6 29. Bc7 Nc4 30. Bxc4 Rxc7 31. Bd3 Rdc8 32. Rxc7 Rxc7 33. Rc1 Rxc1+ 34. Qxc1 Bxb4 35. axb4 Qxb4 36. Qc8 Qf8 37. Kf1 b4 38. Qb8 f6 39. Ke2 Bh5+ 0-1

[Event "Lliga Catalana 2024"]
[Site "Catalonia"]
[Date "2024.03.02"]
[Round "7.8"]
[White "Fernandez Goyanes, Francesc X"]
[Black "Ibanez Tarradellas, Eduardo"]
[Result "0-1"]
[ECO "D00"]
[WhiteElo "2053"]
[BlackElo "2164"]
[Annotator "RC"]
[PlyCount "80"]
[EventDate "2024.01.18"]
[EventType "team-tourn"]
[EventCountry "ESP"]
[SourceTitle "playchess.com"]
[Source "ChessBase"]
[SourceQuality "1"]
[TimeControl "5400+30"]

1. d4 d5 2. Nc3 Nf6 3. Bf4 Bf5 4. f3 e6 5. g4 Bg6 6. h4 h6 7. e3 a6 8. Bd3 Bxd3 9. Qxd3 c5 10. dxc5 Nc6 11. O-O-O Bxc5 12. g5 hxg5 13. Bxg5 Qa5 14. Kb1 Ne5 15. Qe2 Bb4 16. e4 Bxc3 17. bxc3 Nc4 18. Bc1 Qxc3 19. Rd3 Qe5 20. exd5 Qxe2 21. Nxe2 Nxd5 22. Ng3 O-O-O 23. Ne4 Ne5 24. Rb3 b5 25. Bb2 Ng6 26. c4 bxc4 27. Rc1 Rxh4 28. Rxc4+ Kd7 29. Bxg7 f5 30. Nc5+ Ke7 31. Rxh4 Nxh4 32. Nxa6 Kd6 33. Bd4 Rc8 34. Bf2 Ng6 35. Be1 Rc6 36. Nb4 Rb6 37. Nd3 Rxb3+ 38. axb3 Kc6 39. Kc2 Kb5 40. Nb2 Ne5 0-1

[Event "Lliga Catalana 2024"]
[Site "Catalonia"]
[Date "2024.03.02"]
[Round "7.9"]
[White "Serra Pages, Jordi"]
[Black "Comellas Blanchart, Jordi"]
[Result "1/2-1/2"]
[ECO "D59"]
[WhiteElo "2187"]
[BlackElo "1985"]
[Annotator "ChessBase"]
[PlyCount "50"]
[EventDate "2024.01.18"]
[EventType "team-tourn"]
[EventCountry "ESP"]
[SourceTitle "playchess.com"]
[Source "ChessBase"]
[SourceQuality "1"]
[TimeControl "5400+30"]

1. d4 d5 2. c4 e6 3. Nc3 Nf6 4. Bg5 Be7 5. e3 h6 6. Bh4 O-O 7. Nf3 b6 8. cxd5 Nxd5 9. Bxe7 Qxe7 10. Nxd5 exd5 11. Bd3 Be6 12. O-O c5 13. b3 Nd7 14. Qe2 a5 15. e4 dxe4 16. Bxe4 Rae8 17. Rfe1 Qd6 18. Qd2 Nf6 19. dxc5 Qxc5 20. Rac1 Qh5 21. Bc6 Rd8 22. Qb2 Bd5 23. h3 Bxc6 24. Rxc6 Qb5 25. Rcc1 Rfe8 1/2-1/2

[Event "Lliga Catalana 2024"]
[Site "Catalonia"]
[Date "2024.03.02"]
[Round "7.9"]
[White "Castelltort Fernandez, Antonio"]
[Black "Pla Almenar, Nel"]
[Result "0-1"]
[ECO "B21"]
[WhiteElo "2164"]
[BlackElo "2048"]
[Annotator "RC"]
[PlyCount "66"]
[EventDate "2024.01.18"]
[EventType "team-tourn"]
[EventCountry "ESP"]
[SourceTitle "playchess.com"]
[Source "ChessBase"]
[SourceQuality "1"]
[TimeControl "5400+30"]

1. e4 c5 2. d3 e6 3. f4 d5 4. Be2 Nc6 5. Nf3 Nf6 6. e5 Ng4 7. O-O Be7 8. c3 b5 9. d4 Qb6 10. h3 Nh6 11. g4 b4 12. Rf2 a5 13. a3 Rb8 14. Bf1 cxd4 15. cxd4 Ba6 16. Bxa6 Qxa6 17. a4 b3 18. Nc3 Qc4 19. Nb5 Nb4 20. Na3 Qd3 21. Qxd3 Nxd3 22. Rf1 Bxa3 23. Rxa3 Kd7 24. Bd2 Rhc8 25. Bc3 Nxf4 26. Bd2 Nd3 27. Bxh6 gxh6 28. Nd2 Ke7 29. Nxb3 Rc2 30. Rf3 Nc1 31. Nxa5 Rbxb2 32. Nb3 Nxb3 33. Raxb3 Rc1+ 0-1

[Event "Lliga Catalana 2024"]
[Site "Catalonia"]
[Date "2024.03.02"]
[Round "7.10"]
[White "Martinez Lopez, Carlos"]
[Black "Travesset Barba, Joaquim"]
[Result "1-0"]
[ECO "B01"]
[WhiteElo "2006"]
[BlackElo "2038"]
[Annotator "RC"]
[PlyCount "84"]
[EventDate "2024.01.18"]
[EventType "team-tourn"]
[EventCountry "ESP"]
[SourceTitle "playchess.com"]
[Source "ChessBase"]
[SourceQuality "1"]
[TimeControl "5400+30"]

1. e4 d5 2. exd5 Nf6 3. Bb5+ Bd7 4. Be2 Nxd5 5. d4 Bf5 6. a3 e6 7. Nf3 c6 8. c4 Nf6 9. Nc3 Be7 10. Bf4 O-O 11. O-O Nbd7 12. Nh4 Bg6 13. Nxg6 hxg6 14. b4 a6 15. Bf3 Nb6 16. Qd3 Qd7 17. Rfd1 Rfd8 18. Qe2 Rac8 19. Rab1 Na8 20. a4 Bd6 21. Bg5 Re8 22. Qa2 Qc7 23. g3 Nh7 24. Be3 Qe7 25. Qb3 Ng5 26. Bg2 Qf6 27. f4 Nh7 28. Ne4 Qe7 29. Nxd6 Qxd6 30. d5 cxd5 31. cxd5 exd5 32. Bxd5 Qe7 33. Re1 Nf6 34. Bf2 Qd7 35. Bf3 Rxe1+ 36. Rxe1 b5 37. axb5 Qxb5 38. Re7 Rc1+ 39. Be1 Rxe1+ 40. Rxe1 Nb6 41. Re5 Qd7 42. Qc3 Qa7 1-0

[Event "Lliga Catalana 2024"]
[Site "Catalonia"]
[Date "2024.03.02"]
[Round "7.10"]
[White "Martinez Lopez, Carlos"]
[Black "Travesset Ribera, Joaquin"]
[Result "*"]
[ECO "B01"]
[WhiteElo "2006"]
[BlackElo "2136"]
[Annotator "NA RC"]
[PlyCount "38"]
[EventDate "2024.01.18"]
[EventType "team-tourn"]
[EventCountry "ESP"]
[SourceTitle "playchess.com"]
[Source "ChessBase"]
[SourceQuality "1"]
[TimeControl "5400+30"]

1. e4 d5 2. exd5 Nf6 3. Bb5+ Bd7 4. Be2 Nxd5 5. d4 Bf5 6. a3 e6 7. Nf3 c6 8. c4 Nf6 9. Nc3 Be7 10. Bf4 O-O 11. O-O Nbd7 12. Nh4 Bg6 13. Nxg6 hxg6 14. b4 a6 15. Bf3 Nb6 16. Qd3 Qd7 17. Rfd1 Rfd8 18. Qe2 Rac8 19. Rab1 Na8 *

[Event "Lliga Catalana 2024"]
[Site "Catalonia"]
[Date "2024.03.02"]
[Round "7.10"]
[White "Escudero Ribo, Eloi"]
[Black "Pinsach Gelabert, Alexandre"]
[Result "1-0"]
[ECO "E64"]
[WhiteElo "1982"]
[BlackElo "2150"]
[Annotator "RC"]
[PlyCount "147"]
[EventDate "2024.01.18"]
[EventType "team-tourn"]
[EventCountry "ESP"]
[SourceTitle "playchess.com"]
[Source "ChessBase"]
[SourceQuality "1"]
[TimeControl "5400+30"]

1. Nf3 Nf6 2. c4 g6 3. d4 Bg7 4. g3 O-O 5. Bg2 d6 6. Nc3 c5 7. h3 cxd4 8. Nxd4 Qb6 9. O-O Nc6 10. Nc2 Bd7 11. b3 Rac8 12. Bb2 a6 13. e4 Qa7 14. Qd2 Ne5 15. Kh2 Qc5 16. Ba3 Qa5 17. Bb4 Qc7 18. Nd5 Nxd5 19. exd5 Bf5 20. f4 Bxc2 21. fxe5 Bf5 22. exd6 exd6 23. Bc3 Bxc3 24. Qxc3 b5 25. Qf6 Bd3 26. Rfd1 bxc4 27. Rac1 Qd7 28. Qf4 Rfd8 29. bxc4 Qf5 30. Qd4 Be2 31. Rd2 Re8 32. Re1 Bf3 33. Rf1 Re4 34. Qd3 Re2 35. Qxe2 Bxe2 36. Rxf5 gxf5 37. Rxe2 Rxc4 38. Rb2 Ra4 39. Bf1 Rd4 40. Bxa6 Rxd5 41. Bb5 Rd1 42. a4 Kf8 43. Ra2 Rc1 44. a5 Rc7 45. a6 Ra7 46. Bd3 Ke7 47. Bxf5 h6 48. Bd3 Kf6 49. Rb2 Ra8 50. Rb7 Ke5 51. Rxf7 Kd4 52. Bf1 d5 53. a7 Kc5 54. Bg2 Kb6 55. Bxd5 Rxa7 56. Rxa7 Kxa7 57. Kg2 Kb6 58. Kf3 Kc5 59. Bf7 Kd6 60. Kg4 Ke7 61. Bc4 Kf6 62. Kh5 Kg7 63. Bd3 Kg8 64. Kxh6 Kh8 65. g4 Kg8 66. g5 Kh8 67. g6 Kg8 68. Bc4+ Kf8 69. g7+ Ke7 70. g8=Q Kd7 71. Qe6+ Kc7 72. Bb5 Kb7 73. Qc6+ Ka7 74. Ba6 1-0